 Dungeon Crawl Stone Soup version 0.23-a0-115-g8d3be6a (webtiles) character file.

1359 sbiou the Chopper (level 8, 0/70 HPs)
             Began as a Minotaur Berserker on Aug 23, 2018.
             Was a Believer of Trog.
             Slain by an orc warrior
             ... wielding a +0 war axe
              (5 damage)
             ... on level 8 of the Dungeon.
             The game lasted 00:56:09 (3730 turns).

sbiou the Chopper (Minotaur Berserker)              Turns: 3730, Time: 00:56:09

Health: 0/70       AC: 11    Str: 23    XL:     8   Next: 37%
Magic:  7/7        EV:  8    Int:  4    God:    Trog [**....]
Gold:   153        SH:  3    Dex: 11    Spells: 7/7 levels left

rFire    . . .     SeeInvis .   a - +1 hand axe
rCold    . . .     Gourm    .   q - +0 buckler
rNeg     . . .     Faith    .   s - +0 chain mail
rPois    +         Spirit   .   (helmet restricted)
rElec    .         Reflect  .   (no cloak)
rCorr    .         Harm     .   n - +0 pair of gloves
MR       +....     Rnd*Tele +   (no boots)
Stlth    ..........             (no amulet)
HPRegen  1.21/turn              k - ring of teleportation
MPRegen  0.10/turn              u - ring of poison resistance

@: vulnerable, berserk cooldown, regenerating, slowed, very slow
A: retaliatory headbutt, horns 2
a: Berserk, Trog's Hand, Renounce Religion


You were on level 8 of the Dungeon.
You worshipped Trog.
Trog was pleased with you.
You were hungry.

You visited 1 branch of the dungeon, and saw 6 of its levels.

You collected 153 gold pieces.

Inventory:

Hand Weapons
 a - a +1 hand axe (weapon)
Missiles
 b - 3 poisoned tomahawks
 d - 119 stones (quivered)
 h - 8 tomahawks
Armour
 e - a +0 scale mail
 n - a +0 pair of gloves (worn)
 q - a +0 buckler (worn)
 s - a +0 chain mail (worn)
Jewellery
 k - a ring of teleportation (left hand)
 u - a ring of poison resistance (right hand)
Wands
 p - a wand of iceblast (9)
Scrolls
 g - 2 scrolls of identify
 l - 2 scrolls of enchant weapon
 o - a scroll of remove curse
Potions
 f - 4 potions of curing
 i - a potion of brilliance
 m - a potion of magic
Comestibles
 c - 5 rations
 r - 4 chunks of flesh


   Skills:
 + Level 5.9 Fighting
 + Level 7.9 Axes
 + Level 4.7 Throwing
 + Level 6.1 Armour
 + Level 3.1 Dodging
 + Level 1.1 Stealth
 + Level 0.6 Shields


You had 7 spell levels left.
You didn't know any spells.
Your spell library contained the following spells:

 Spells                   Type           Power        Failure   Level  Hunger
 Corona                   Hex            #......      99%         1    ##.....
 Ensorcelled Hibernation  Hex/Ice        #.....       100%        2    ###....
 Confuse                  Hex            #.......     100%        3    ####...
 Dazzling Spray           Conj/Hex       #.....       100%        3    ####...
 Tukima's Dance           Hex            #.......     100%        3    ####...


Dungeon Overview and Level Annotations

Branches:
Dungeon (5/15)
 Temple: D:4-7

Altars:
Okawaru
Trog

Annotations:
D:8 Pikel


Innate Abilities, Weirdness & Mutations

You reflexively headbutt those who attack you in melee.
You have a pair of horns on your head.


Message History

The orc wizard looks braver for a moment.
Your skin crawls.
You feel resistant to hostile enchantments.
You are feeling hungry.
The black bear barely misses you. x2
The black bear claws you but does no damage.
The orc warrior hits you with a war axe!
* * * LOW HITPOINT WARNING * * *
The black bear bites you.
* * * LOW HITPOINT WARNING * * *
The black bear barely misses you. The black bear claws you.
* * * LOW HITPOINT WARNING * * *
The orc priest looks satisfied for a moment.
You are too injured to fight recklessly!
You slash the black bear!
You kill the black bear!
Trog accepts your kill.
You closely miss the orc warrior.
The orc warrior hits you with a war axe.
You die...

..# #.# ..# #.# . ..#
#####.# ... <.#
....hp####o.# #.#
######oKo@o.o.# #.#
......oy####### #.#
o......)[....# #.#
.#.....).....#### #.#
#.###.)###..##.# #.#
.....# #..##.# #.#
#.####.#
#..##.#####.#
#.###........<..#
.####.........#######


You could see Pikel, an orc warrior, a black bear, a slave, a killer bee, an orc
priest, an orc wizard and 3 orcs.

Vanquished Creatures
  A hippogriff (D:8)
  A spriggan (D:8)
  Sigmund (D:2)
  A sky beast (D:5)
  A black bear (D:8)
  3 slaves (D:8)
  2 ogres (D:4)
  A crimson imp (D:5)
  A centaur zombie (D:4)
  A hound (D:4)
  An orc priest (D:8)
  A bullfrog skeleton (D:5)
  2 orc wizards
  An iguana (D:8)
  3 worker ants
  Robin (D:3)
  10 adders
  An ooze (D:4)
  3 worms
  2 dart slugs
  2 leopard geckos
  9 orcs
  5 giant cockroaches
  11 goblins
  13 hobgoblins
  2 jackals (D:1)
  4 kobolds
  3 quokkas
  3 ball pythons
  6 bats
  10 frilled lizards
  A jackal skeleton (D:4)
  7 rats
114 creatures vanquished.

Notes
Turn   | Place    | Note
-------+----------+-------------------------------------------
     0 | D:1      | sbiou the Minotaur Berserker began the quest for the Orb.
     0 | D:1      | Reached XP level 1. HP: 19/19 MP: 0/0
   122 | D:1      | Reached XP level 2. HP: 27/27 MP: 1/1
   327 | D:1      | Reached skill level 4 in Axes
   700 | D:2      | Reached XP level 3. HP: 26/34 MP: 2/2
   797 | D:2      | Reached ** piety under Trog
   948 | D:2      | Reached skill level 1 in Throwing
  1031 | D:2      | Noticed Sigmund
  1046 | D:2      | Reached XP level 4. HP: 41/41 MP: 3/3
  1249 | D:2      | Killed Sigmund
  1249 | D:2      | Reached skill level 5 in Axes
  1249 | D:2      | Reached XP level 5. HP: 37/47 MP: 4/4
  1858 | D:3      | Noticed Robin
  1872 | D:3      | Reached XP level 6. HP: 55/55 MP: 5/5
  1877 | D:3      | Killed Robin
  2012 | D:3      | Reached skill level 5 in Fighting
  2347 | D:3      | Found a bloodstained altar of Trog.
  2347 | D:3      | Found an iron altar of Okawaru.
  2630 | D:4      | Reached skill level 6 in Axes
  2999 | D:4      | Reached XP level 7. HP: 61/61 MP: 6/6
  3543 | D:5      | Entered Level 5 of the Dungeon
  3573 | D:5      | Reached skill level 5 in Armour
  3617 | D:5      | Reached skill level 1 in Stealth
  3620 | D:5      | Reached skill level 7 in Axes
  3646 | D:5      | You fall through a shaft for 3 floors!
  3689 | D:8      | Noticed a hippogriff
  3699 | D:8      | Killed a hippogriff
  3699 | D:8      | Reached XP level 8. HP: 69/69 MP: 7/7
  3709 | D:8      | Noticed Pikel
  3729 | D:8      | HP: 3/70 [black bear (3)]
  3730 | D:8      | Slain by an orc warrior

Vault maps used:
D:1:      dpeg_arrival_pond
D:2:      first_ration, uniq_sigmund
D:3:      chequers_temple_overflow_statue_of_worship, serial_bayou_crossing,
          uniq_robin
D:5:      gammafunk_temple_overflow_wave, yredelemnul_altar_generic,
          serial_bayou, serial_bayou_lagoon_b, serial_bayou_pond_c,
          serial_bayou_shore_b, serial_bayou_lagoon_a
D:8:      gammafunk_cloud_chamber, lair_entry_dummy, basic_altar, the_bakery,
          uniq_harold, uniq_pikel

Skill      XL: |  1  2  3  4  5  6  7  8 |
---------------+-------------------------+-----
Fighting       | 4 5 |  5.9
Axes           | 4 5 6 7 |  7.9
Throwing       | 1 2 3 4 |  4.7
Armour         | 3 4 5 6 |  6.1
Stealth        | 1 |  1.1
Dodging        | 3 |  3.1
Shields        | |  0.6

Action                   |  1- 3 |  4- 6 |  7- 9 || total
-------------------------+-------+-------+-------++-------
Melee: Hand axe          |    65 |    86 |    64 ||   215
       Headbutt          |     7 |    18 |    15 ||    40
Throw: Stone             |    70 |    97 |    36 ||   203
Invok: Trog's Hand       |     3 |     4 |     5 ||    12
       Berserk           |     3 |     3 |     2 ||     8
  Use: Potion            |     3 |       |     1 ||     4
       Scroll            |     2 |       |     4 ||     6
  Eat: Chunk             |     3 |     7 |     3 ||    13
       Ration            |       |     1 |     1 ||     2
Armor: Scale mail        |    22 |    24 |     8 ||    54
       Chain mail        |       |       |    41 ||    41
Dodge: Dodged            |    35 |    42 |    45 ||   122
Block: Buckler           |       |       |     9 ||     9

Table legend:
 A = Non-vault XP
 B = Vault XP
 C = Vault XP percentage of total XP
 D = Non-vault monster count
 E = Vault monster count
 F = Vault count percentage of total count
                 A         B        C        D         E       F
            +---------+---------+-------+---------+---------+-------
      Total |    1468 |     474 |  24.4 |      96 |      15 |  13.5
            +---------+---------+-------+---------+---------+-------
        D:1 |      39 |       0 |   0.0 |      25 |       0 |   0.0
        D:2 |      90 |     212 |  70.2 |      22 |       1 |   4.3
        D:3 |      67 |      38 |  36.2 |      16 |      13 |  44.8
        D:4 |     507 |       0 |   0.0 |      21 |       0 |   0.0
        D:5 |     226 |       0 |   0.0 |       6 |       0 |   0.0
        D:8 |     539 |     224 |  29.4 |       6 |       1 |  14.3
            +---------+---------+-------+---------+---------+-------
